 Dungeon Crawl Stone Soup version 0.25.0-46-gbd7b0854d2 (webtiles) character file.

Game seed: 16165990095135883458

10683 Korkiloff the Cruncher (level 11, -3/99 HPs)
             Began as a Naga Wanderer on July 18, 2020.
             Slain by a red ugly thing (23 damage)
             ... on level 11 of the Dungeon.
             The game lasted 01:05:13 (13744 turns).

Korkiloff the Cruncher (Naga Wanderer)             Turns: 13744, Time: 01:05:14

Health: -3/99      AC: 19    Str: 13    XL:     11   Next: 65%
Magic:  14/22      EV:  8    Int: 18    God:
Gold:   742        SH:  0    Dex: 10    Spells: 15/25 levels left

rFire    . . .     SeeInvis +   i - +3 quarterstaff (chaos)
rCold    + . .     Gourm    .   (shield currently unavailable)
rNeg     + . .     Faith    .   v - +0 leather armour (curse)
rPois    +         Spirit   .   (helmet restricted)
rElec    .         Reflect  .   q - +1 cloak
rCorr    .         Harm     .   W - +2 pair of gloves
MR       ++++.     Clarity  +   p - +0 naga barding
Stlth    +++.......             w - amulet of the Four Winds {rN+ MR+++ Clar}
HPRegen  0.26/turn              s - +4 ring of protection
MPRegen  0.18/turn              u - ring of protection from cold

@: very slightly contaminated, invisible, very slow
A: large, horns 1, see invisible, clarity, deformed body, poison resistance,
slowness 2, slow metabolism 1, spit poison 1, AC +3
a: Spit Poison


You were on level 11 of the Dungeon.
You were very hungry.

You visited 1 branch of the dungeon, and saw 11 of its levels.

You collected 742 gold pieces.

Inventory:

Hand Weapons
 h - a +0 dagger of venom
 i - a +3 quarterstaff of chaos (weapon)
 j - a +0 hunting sling
 l - a +0 dagger of draining
 M - a +0 shortbow
 O - a +5 scimitar
 Q - a +0 vorpal hand axe
 R - a +1 whip of flaming
 Y - a +0 arbalest
Missiles
 C - 25 boomerangs (quivered)
 D - 45 bolts
 H - 169 arrows
 J - 43 poisoned darts
 K - 3 throwing nets
 L - 16 sling bullets
Armour
 d - a +0 robe
 p - a +0 naga barding (worn)
 q - a +1 cloak (worn)
 t - a cursed +0 ring mail
 v - a cursed +0 leather armour (worn)
 N - a +1 helmet
 W - a +2 pair of gloves (worn)
Jewellery
 s - a +4 ring of protection (left hand)
 u - a ring of protection from cold (right hand)
 w - the amulet of the Four Winds (around neck) {rN+ MR+++ Clar}
   (You found it on level 4 of the Dungeon)

   [amulet of nothing]

   It protects you from negative energy.
   It affects your resistance to hostile enchantments.
   It protects you against confusion.
 z - an uncursed ring of ice
 B - an uncursed amulet of guardian spirit
Wands
 a - a wand of paralysis (12)
 c - a wand of iceblast (4)
 n - a wand of enslavement (9)
 P - a wand of flame (18)
 S - a wand of polymorph (12)
 T - a wand of clouds (3)
 V - a wand of acid (5)
Scrolls
 g - 4 scrolls of teleportation
 x - 2 scrolls of amnesia
 y - 3 scrolls of remove curse
 A - 2 scrolls of identify
 I - a scroll of enchant armour
 U - 2 scrolls of magic mapping
Potions
 b - 5 potions of lignification
 e - 2 potions of haste
 o - 4 potions of curing
 E - a potion of brilliance
 F - 2 potions of stabbing
 G - a potion of resistance
Comestibles
 f - 24 rations


   Skills:
 + Level 6.7 Fighting
 + Level 3.1 Short Blades
 + Level 8.5 Staves
 + Level 0.6 Bows
 + Level 1.5 Throwing
 + Level 3.7 Armour
 + Level 3.6 Dodging
 + Level 6.0 Stealth
   Level 1.0 Shields
 + Level 7.7 Spellcasting
 + Level 2.3 Conjurations
 + Level 6.7 Summonings
 + Level 1.7 Translocations
   Level 3.0 Fire Magic
 + Level 1.5 Air Magic
 + Level 3.0 Poison Magic
 + Level 2.1 Evocations


You had 15 spell levels left.
You knew the following spells:

 Your Spells              Type           Power        Failure   Level  Hunger
a - Magic Dart            Conj           ###.         4%          1    None
b - Call Imp              Summ           ####....     1%          2    None
c - Blink                 Tloc           N/A          10%         2    None
d - Mephitic Cloud        Conj/Pois/Air  ###.....     14%         3    #......
e - Ensorcelled Hibernat  Hex/Ice        #.....       19%         2    None

Your spell library contained the following spells:

 Spells                   Type           Power        Failure   Level  Hunger
 Corona                   Hex            #......      12%         1    None
 Sandblast                Erth           #.....       12%         1    None
 Conjure Flame            Conj/Fire      ###.....     12%         3    #......
 Passwall                 Tmut/Erth      #.......     19%         2    None
 Slow                     Hex            #.......     19%         2    None
 Gell's Gravitas          Tloc           ##........   19%         3    #......
 Dazzling Flash           Conj/Hex       ##....       22%         3    #......
 Stone Arrow              Conj/Erth      ##....       22%         3    #......
 Confusing Touch          Hex            #.......     36%         3    #......
 Tukima's Dance           Hex            #.......     36%         3    #......
 Petrify                  Tmut/Erth      #.......     77%         4    ###....
 Lee's Rapid Deconstruct  Erth           #.........   98%         5    #####..
 Metabolic Englaciation   Hex/Ice        #.........   98%         5    #####..
 Yara's Violent Unravell  Hex/Tmut       #.........   98%         5    #####..


Dungeon Overview and Level Annotations

Branches:
Dungeon (11/15)            Temple (0/1) D:6            Lair (0/6) D:10
    Orc (0/2) D:10

Altars:
Cheibriados
Dithmenos
Gozag
Hepliaklqana
Okawaru
Uskayaw
Vehumet
Yredelemnul
Beogh

Shops:
D:5 =   D:8 }   D:10 =

Annotations:
D:10 1 runed translucent door, Bvern's ghost, journeyman DsAE


Innate Abilities, Weirdness & Mutations

You cannot wear boots.
Your serpentine skin is tough. (AC +3)
You have supernaturally acute eyesight. (SInv)
Armour fits poorly on your strangely shaped body.
Your system is resistant to poisons. (rPois)
You cover ground very slowly.
You have a slow metabolism.
You can spit poison.
You have a pair of small horns on your head.
You possess an exceptional clarity of mind.


Message History

Nothing appears to happen.
You hit the red ugly thing but do no damage.
Your headbutt misses the red ugly thing.
The red ugly thing is lightly wounded.
The red ugly thing stings you!
You are engulfed in flames!!
You bludgeon the red ugly thing!!
The red ugly thing suddenly seems more agile.
Your headbutt misses the red ugly thing.
The red ugly thing is moderately wounded.
The red ugly thing stings you but does no damage.
You miss the red ugly thing.
You headbutt the red ugly thing, but do no damage.
The red ugly thing is moderately wounded.
The red ugly thing stings you!
You are engulfed in flames!!
* * * LOW HITPOINT WARNING * * *
You fade into invisibility!
The red ugly thing stings you.
* * * LOW HITPOINT WARNING * * *
You are engulfed in flames!!
You die...

≈≈≈≈≈≈≈.......#
[≈≈≈..≈.####.##
######### #.#
##.# #..# #.##
##†# ##..#
#.@## #u## #..
#.# #. #. #.


You could see a red ugly thing (agile).

Vanquished Creatures
  Harold (D:8)
  2 hydras
  2 two-headed ogres
  A kobold demonologist (D:10)
  19 yaks
  A basilisk (D:11)
  A hog (shapeshifter) (D:9)
  A soldier ant (D:10)
  2 water moccasins
  4 orc warriors
  Duvessa (D:7)
  An ice beast (D:8)
  An eye of draining (shapeshifter) (D:11)
  A sky beast (D:5)
  An ogre (D:3)
  A phantom (D:6)
  4 centaurs
  3 bullfrogs
  4 scorpions
  3 killer bees (D:11)
  3 wights (D:7)
  4 howler monkeys
  4 crimson imps
  A bullfrog zombie (D:6)
  A centaur zombie (D:10)
  2 quasits
  A centaur skeleton (D:5)
  10 hounds
  Crazy Yiuf (D:4)
  6 orc priests
  7 jellies
  7 orc wizards
  An iguana (D:6)
  6 worker ants
  A hound zombie (D:5)
  A hound skeleton (D:11)
  7 gnolls
  A howler monkey skeleton (D:4)
  12 adders
  A shadow imp (D:10)
  6 oozes
  A worm (D:5)
  A dart slug (D:2)
  4 leopard geckos
  48 orcs
  A ball python (D:3)
  8 giant cockroaches
  8 goblins
  8 hobgoblins
  3 jackals (D:1)
  7 kobolds
  4 quokkas
  8 bats
  2 frilled lizards
  2 leopard gecko zombies
  3 quokka skeletons
  A quokka zombie (D:7)
  4 rats
  A spectral orc (D:4)
251 creatures vanquished.

Vanquished Creatures (collateral kills)
  Eustachio (D:4)
  A yak (D:9)
  The ghost of IHuginn the Shield-Bearer, an amateur OpFi of Okawaru (D:3)
  3 ogres
  An orc warrior (D:8)
  An ice beast (D:5)
  Dowan (D:7)
  An orc priest (D:3)
  3 orc wizards
  2 adders
  4 gnolls
  A shadow imp (D:5)
  A worm (D:3)
  12 orcs
  A goblin (D:2)
  2 quokkas
  2 rats (D:3)
38 creatures vanquished.

Vanquished Creatures (others)
  An orc wizard (D:10)
1 creature vanquished.

Grand Total: 290 creatures vanquished

Notes
Turn   | Place    | Note
-------+----------+-------------------------------------------
     0 | D:1      | Korkiloff the Naga Wanderer began the quest for the Orb.
     0 | D:1      | Korkiloff set off with the following items: a +0
                  | quarterstaff, a potion of lignification, a +0 robe, a
                  | ration; and the following spell memorised: Magic Dart; and
                  | the following spells available to memorise: Blink, Call
                  | Imp, Slow, Conjure Flame, Mephitic Cloud
     0 | D:1      | Reached XP level 1. HP: 19/19 MP: 2/2
   184 | D:1      | Reached XP level 2. HP: 22/27 MP: 0/3
   191 | D:1      | Learned a level 2 spell: Call Imp
   876 | D:1      | Reached XP level 3. HP: 33/33 MP: 4/4
  1312 | D:2      | Found an iron altar of Okawaru.
  1753 | D:2      | Reached XP level 4. HP: 34/42 MP: 2/6
  1949 | D:2      | You fall into a shaft and drop 1 floor!
  2402 | D:3      | Reached skill level 1 in Conjurations
  2484 | D:2      | Found a shadowy altar of Dithmenos.
  3030 | D:3      | Noticed an ogre
  3036 | D:3      | Reached skill level 1 in Short Blades
  3036 | D:3      | Reached skill level 1 in Summonings
  3050 | D:3      | Reached XP level 5. HP: 19/49 MP: 4/8
  3053 | D:3      | Reached skill level 1 in Stealth
  3067 | D:3      | Gained mutation: You possess an exceptional clarity of
                  | mind. [potion of mutation]
  3067 | D:3      | Gained mutation: You have a pair of small horns on your
                  | head. [potion of mutation]
  3069 | D:3      | Killed an ogre
  3069 | D:3      | Reached skill level 1 in Dodging
  3406 | D:3      | Learned a level 2 spell: Blink
  3461 | D:3      | Reached XP level 6. HP: 56/56 MP: 10/10
  3591 | D:3      | Noticed IHuginn's ghost (amateur OpFi)
  3648 | D:3      | Found a runed translucent door.
  3685 | D:3      | Killed IHuginn's ghost
  4035 | D:4      | Noticed Eustachio
  4070 | D:4      | Killed Eustachio
  4099 | D:4      | Reached XP level 7. HP: 62/62 MP: 1/12
  4344 | D:4      | Found the amulet of the Four Winds {rN+ MR+++ Clar}
  4510 | D:4      | Found a runed translucent door.
  4511 | D:4      | Noticed Crazy Yiuf
  4525 | D:4      | Killed Crazy Yiuf
  4638 | D:4      | Found a basalt altar of Yredelemnul.
  4755 | D:5      | Entered Level 5 of the Dungeon
  5022 | D:5      | Reached skill level 1 in Armour
  5156 | D:5      | Reached skill level 2 in Staves
  5202 | D:5      | Reached XP level 8. HP: 69/69 MP: 11/14
  5298 | D:5      | Found Vun Kain's Jewellery Emporium.
  5825 | D:6      | Reached skill level 3 in Staves
  5847 | D:6      | Learned a level 3 spell: Mephitic Cloud
  5858 | D:6      | Found a staircase to the Ecumenical Temple.
  6430 | D:6      | Found a hide-covered altar of Uskayaw.
  6433 | D:6      | Noticed a +0 hand axe
  6433 | D:6      | Noticed a +0 dagger
  6569 | D:6      | Reached skill level 4 in Staves
  7105 | D:6      | Found a hazy altar of Hepliaklqana.
  7105 | D:6      | Found a radiant altar of Vehumet.
  7107 | D:6      | Found an opulent altar of Gozag.
  7287 | D:7      | Noticed Duvessa
  7287 | D:7      | Noticed Dowan
  7595 | D:7      | Killed Dowan
  7595 | D:7      | Reached XP level 9. HP: 62/79 MP: 6/16
  7632 | D:7      | Killed Duvessa
  8546 | D:8      | Reached skill level 5 in Spellcasting
  8567 | D:8      | Reached skill level 5 in Staves
  8726 | D:8      | Found Rikoroykuf's Gadget Shop.
  8880 | D:8      | Noticed Harold
  8905 | D:8      | Killed Harold
  8905 | D:8      | Reached skill level 5 in Fighting
  8905 | D:8      | Reached skill level 5 in Summonings
  9262 | D:8      | Noticed a two-headed ogre
  9271 | D:8      | Killed a two-headed ogre
  9271 | D:8      | Reached skill level 6 in Staves
  9271 | D:8      | Reached XP level 10. HP: 53/88 MP: 14/19
 10068 | D:9      | Reached skill level 1 in Evocations
 10402 | D:9      | Noticed a two-headed ogre
 10411 | D:9      | Killed a two-headed ogre
 10414 | D:9      | Reached skill level 7 in Staves
 10419 | D:9      | Reached skill level 1 in Air Magic
 10635 | D:9      | Found a snail-covered altar of Cheibriados.
 10752 | D:9      | Noticed a six-headed hydra
 10763 | D:9      | Killed a six-headed hydra
 10763 | D:9      | Reached skill level 5 in Stealth
 11226 | D:9      | Reached XP level 11. HP: 86/97 MP: 21/21
 11481 | D:9      | Learned a level 2 spell: Ensorcelled Hibernation
 11530 | D:10     | Entered Level 10 of the Dungeon
 11581 | D:10     | Found Ponnony's Jewellery Shoppe.
 11642 | D:10     | Found a staircase to the Lair.
 11649 | D:10     | Found a staircase to the Orcish Mines.
 12015 | D:10     | Found a roughly hewn altar of Beogh.
 12268 | D:10     | Found a runed translucent door.
 12268 | D:10     | Noticed Bvern's ghost (journeyman DsAE)
 12860 | D:11     | Reached skill level 8 in Staves
 12888 | D:11     | Noticed a five-headed hydra
 12974 | D:11     | Killed a five-headed hydra
 12974 | D:11     | Reached skill level 1 in Translocations
 13397 | D:11     | Noticed a two-headed ogre
 13736 | D:11     | Noticed a red ugly thing
 13744 | D:11     | Slain by a red ugly thing

Illustrated notes

Levels and vault maps discovered:
D:1:      psy_arrival_terrarium, layout_basic
D:2:      layout_basic, kennysheep_okawaru_gauntlet, marbit_many_paths
D:3:      cheibrodos_pilgrimage, layout_basic, hellmonk_ghost_happy_afterlife
D:4:      layout_basic, yredelemnul_forgotten_temple_becter, uniq_eustachio,
          uniq_crazy_yiuf_cottage
D:5:      layout_basic, serial_shops, nicolae_shop_stone, first_ration,
          hangedman_abyss_or_decor_stabs, mrwooster_statue_mirror
D:6:      layout_basic, grunt_temple_overflow_open, dancing_weapons_uskayaw,
          minmay_temple_entry_large_hall, grunt_decor_fettered,
          eino_tiny_chamber
D:7:      layout_layer_cave, kennysheep_generic_room_13, uniq_duvessa
D:8:      layout_basic, serial_shops, shop, uniq_harold
D:9:      layout_irregular_city, cheibriados_altar_1,
          hangedman_little_slice_of_home
D:10:     layout_rooms, lair_entry_dummy, minmay_orc_entry_temple_small,
          serial_shops, shop, ebering_ghost_inner_flame
D:11:     layout_roguey, serial_rivers, chequers_serial_rivers_large_a,
          chequers_serial_rivers_room_b, chequers_serial_rivers_micro_e,
          chequers_serial_rivers_micro_b, chequers_serial_rivers_micro_e,
          chequers_serial_rivers_marsh

Skill      XL: |  1  2  3  4  5  6  7  8  9 10 11 |
---------------+----------------------------------+-----
Fighting       | 3 4 5 6 |  6.7
Spellcasting   | 2 3 4 6 7 |  7.7
Conjurations   | 1 2 |  2.3
Short Blades   | 1 2 3 |  3.1
Summonings     | 1 2 3 4 5 6 |  6.7
Stealth        | 1 2 3 5 6 |  6.0
Dodging        | 1 2 3 |  3.6
Armour         | 1 2 3 |  3.7
Staves         | 2 4 6 7 8 |  8.5
Poison Magic   | 2 3 |  3.0
Evocations     | 2 |  2.1
Air Magic      | 1 |  1.5
Translocations | 1 |  1.7
Bows           | |  0.6
Throwing       | |  1.5
Shields        | |  1.0
Fire Magic     | |  3.0

Action                   |  1- 3 |  4- 6 |  7- 9 | 10-12 || total
-------------------------+-------+-------+-------+-------++-------
Melee: Quarterstaff      |    11 |       |   289 |   343 ||   643
       Dagger            |    40 |    73 |    15 |       ||   128
       Headbutt          |       |     2 |    39 |    45 ||    86
 Fire: Shortbow          |       |       |       |     6 ||     6
Throw: Boomerang         |       |       |     5 |    15 ||    20
 Cast: Magic Dart        |    33 |    13 |    12 |     8 ||    66
       Call Imp          |     5 |    22 |    55 |    42 ||   124
       Mephitic Cloud    |       |       |     9 |    19 ||    28
       Blink             |       |       |     1 |    11 ||    12
 Abil: Spit Poison       |    21 |    12 |    36 |     6 ||    75
Evoke: Wand              |       |       |       |    11 ||    11
  Use: Potion            |       |     5 |     3 |     6 ||    14
       Scroll            |       |     3 |     5 |     7 ||    15
 Stab: Sleeping          |       |     1 |     2 |     7 ||    10
       Distracted        |       |       |     1 |     1 ||     2
       Petrified         |       |       |     1 |     5 ||     6
       Invisible         |       |       |     1 |       ||     1
       Paralysed         |       |       |     1 |       ||     1
       Confused          |       |       |       |    11 ||    11
  Eat: Chunk             |     5 |     8 |    15 |    11 ||    39
       Ration            |       |       |     1 |       ||     1
Armor: Robe              |     7 |    31 |       |       ||    38
       Leather armour    |       |    19 |   187 |   200 ||   406
       Skin              |       |     1 |       |     1 ||     2
Dodge: Dodged            |    28 |    39 |   105 |   112 ||   284
